 Dungeon Crawl Stone Soup version 0.28.0 (webtiles) character file.

Game seed: 9822860368977178095

12502 MacCMillion the Grappler (level 11, -11/104 HPs)
             Began as a Troll Monk on Feb 13, 2022.
             Was a Priest of Makhleb.
             Mangled by a two-headed ogre simulacrum (26 damage)
             ... in an ice cave.
             The game lasted 00:41:15 (9473 turns).

MacCMillion the Grappler (Troll Monk)               Turns: 9473, Time: 00:41:16

Health: -11/104    AC:  9    Str: 25    XL:     11   Next: 63%
Magic:  16/16      EV: 26    Int:  6    God:    Makhleb [***...]
Gold:   546        SH:  0    Dex: 12    Spells: 10/10 levels left

rFire   + . .      SeeInvis .     - Unarmed
rCold   . . .      Faith    .   (no shield)
rNeg    . . .      Spirit   .   p - +0 troll leather armour {Pargi}
rPois   .          Reflect  .   b - +1 hat
rElec   .          Harm     .   i - +0 cloak
rCorr   .          Rampage  .   (gloves unavailable)
Will    .....                   (boots unavailable)
Stlth   +.........              f - amulet of the acrobat
HPRegen 1.87/turn               d - ring of protection from cold
MPRegen 0.15/turn               m - ring of fire

@: confused, ambrosia-drunk, acrobatic
A: large, unfitting armour, claws 3, regeneration 1, shaggy fur 1, tough skin 1
a: Renounce Religion, Minor Destruction, Lesser Servant of Makhleb


You were in an ice cave.
You worshipped Makhleb.
Makhleb was most pleased with you.
You visited 3 branches of the dungeon, and saw 12 of its levels.
You also visited: Sewer and Ice Cave.

You collected 546 gold pieces.

Inventory:

Missiles
 x - 14 boomerangs
 y - 2 javelins
 H - 8 poisoned darts
 I - a boomerang of dispersal
 J - 3 throwing nets
Armour
 a - a +0 robe
 b - a +1 hat (worn)
 i - a +0 cloak (worn)
 o - +0 steam dragon scales
 p - a +0 troll leather armour (worn) {Pargi}
Jewellery
 d - a ring of protection from cold (left claw)
 f - an amulet of the acrobat (around neck)
 m - a ring of fire (right claw)
 q - the ring of Opsyes {Contam rC++ rN+++ rCorr Str-5}
   (You found it in a sewer)

   [ring of resist corrosion]

   Str:       It affects your strength (-5).
   rC:        It greatly protects you from cold.
   rN:        It renders you almost immune to negative energy.
   Contam:    It causes magical contamination when unequipped.
   rCorr:     It protects you from acid and corrosion.
 t - a ring of magical power
Wands
 k - a wand of flame (17)
 r - a wand of paralysis (30)
 s - a wand of mindburst (4)
 L - a wand of digging (5)
 R - a wand of polymorph (3)
Scrolls
 c - a scroll of silence
 e - 3 scrolls of teleportation
 g - 2 scrolls of fear
 h - a scroll of summoning
 l - a scroll of brand weapon {unknown}
 n - a scroll of fog {unknown}
 u - a scroll of blinking {unknown}
 v - a scroll of vulnerability {unknown}
 w - a scroll of amnesia {unknown}
 B - 3 scrolls of enchant armour {unknown}
 C - 3 scrolls of immolation {unknown}
 D - a scroll of magic mapping {unknown}
 M - 2 scrolls of enchant weapon {unknown}
 Q - a scroll of holy word {unknown}
Potions
 j - a potion of magic
 A - 2 potions of attraction
 F - 4 potions of curing
 G - 3 potions of brilliance
 K - 3 potions of lignification {unknown}
 N - 2 potions of resistance
 P - a potion of cancellation {unknown}
Miscellaneous
 E - a lightning rod (4/4)


   Skills:
 + Level 5.4 Fighting
 + Level 4.6 Armour
 + Level 4.6 Dodging
 - Level 1.0 Stealth
 * Level 11.9 Unarmed Combat
 * Level 8.6 Invocations
 - Level 5.0 Evocations


You had 10 spell levels left.
You didn't know any spells.
Your spell library contained the following spells:

 Spells                   Type           Power      Damage    Failure   Level
 Animate Skeleton         Necr           0%         N/A       50%         1
 Apportation              Tloc           0%         N/A       50%         1
 Pain                     Necr           0%         1d4       50%         1
 Summon Small Mammal      Summ           0%         N/A       50%         1
 Ozocubu's Armour         Ice            0%         N/A       86%         3
 Vampiric Draining        Necr           0%         2d6       86%         3
 Fireball                 Conj/Fire      0%         3d3       100%        5
 Metabolic Englaciation   Hex/Ice        0%         N/A       100%        5
 Simulacrum               Ice/Necr       0%         N/A       100%        6
 Starburst                Conj/Fire      0%         6d3       100%        6
 Ignition                 Fire           0%         3d3       100%        8


Dungeon Overview and Level Annotations

Branches:
Dungeon (10/15)            Temple (1/1) D:7            Lair (1/6) D:10
  Sewer (visited)           IceCv (1/1)
    Orc: D:9-12

Altars:
Ashenzari
Cheibriados
Dithmenos
Elyvilon
Fedhas
Gozag
Hepliaklqana
Kikubaaqudgha
Makhleb
Nemelex Xobeh
Okawaru
Qazlal
Ru
Trog
Uskayaw
Vehumet
Wu Jian
Xom
Zin
The Shining One

Shops:
D:6 [   D:9 (

Annotations:
D:6 1 runed translucent door, Crazy Yiuf
D:9 exclusion: door, Erolcha
D:10 Nergalle


Innate Abilities, Weirdness & Mutations

You are too large for most types of armour.
You have claws for hands.
Your natural rate of healing is unusually fast.
You are covered in fur. (AC +1)
You have tough skin. (AC +1)


Message History

Your orange demon disappears in a puff of smoke!
The cane toad simulacrum hits you but does no damage.
The death yak simulacrum gores your neqoxec.
The death yak simulacrum freezes your neqoxec!!!
Your neqoxec dies!
Your neqoxec disappears in a puff of smoke!
Unknown command.
Okay, then.
A demon appears!
The ice devil hits you! The ice devil freezes you!
* * * LOW HITPOINT WARNING * * *
The cane toad simulacrum barely misses you.
Unknown command.
Unknown command.
The death yak simulacrum barely misses your ynoxinul.
Your ynoxinul hits the cane toad simulacrum but does no damage.
You are confused.
You feel invigorated.
The cane toad simulacrum hits you but does no damage.
The ice devil barely misses you.
The death yak simulacrum gores your ynoxinul!!
The death yak simulacrum freezes your ynoxinul!
Your ynoxinul resists.
Your ynoxinul gestures at the cane toad simulacrum.
The iron shot hits the cane toad simulacrum!
The cane toad simulacrum vaporises!
Makhleb accepts your kill.
Unknown command.
You scratch the ice devil but do no damage.
The ice devil is severely wounded.
The ice devil hits you.
* * * LOW HITPOINT WARNING * * *
The ice devil freezes you!
* * * LOW HITPOINT WARNING * * *
The death yak simulacrum gores your ynoxinul!
Your ynoxinul dies!
Your ynoxinul disappears in a puff of smoke!
The two-headed ogre simulacrum hits you!
* * * LOW HITPOINT WARNING * * *
The two-headed ogre simulacrum freezes you!!
You die...

#####
##...##
##..∩..##
#.......#
#...∩...#
##.....##
##...##
##...#
#@..##
#4Z§##
##.§Z##
##Z..#
##..#
#..##
...##
##.5


.ZZ You could see an ice devil, a death yak simulacrum, a naga simulacrum and a
two-headed ogre simulacrum.

Vanquished Creatures
  Josephine (D:10)
  Harold (D:8)
  A two-headed ogre (D:10)
  Pikel (D:6)
  A cyclops (D:10)
  Maurice (D:8)
  A gargoyle (D:10)
  Maggie (D:6)
  Psyche (D:8)
  A rime drake (Lair:1)
  An unseen horror (D:9)
  3 kobold demonologists (D:8)
  A hornet (D:7)
  5 blink frogs (Lair:1)
  A wyvern (D:9)
  5 wraiths (D:10)
  4 yaks (Lair:1)
  A death yak simulacrum (Lair:1)
  A water moccasin (Lair:1)
  Pargi (Sewer)
  An ice beast (D:5)
  A sky beast (D:6)
  2 black bears
  2 orc warriors
  2 necrophages
  2 ogres
  3 centaurs
  4 wolves (Lair:1)
  2 phantoms
  2 lemures (D:6)
  A kobold brigand (D:8)
  2 wyvern zombies (D:7)
  4 bullfrogs
  A gnoll sergeant (D:5)
  3 scorpions
  6 killer bees (D:9)
  9 wights
  2 howler monkeys
  2 centaur zombies
  2 jellies
  2 hounds (D:5)
  3 orc priests
  A bullfrog skeleton (D:7)
  2 centaur skeletons
  An iguana (D:7)
  A gnoll shaman (D:6)
  5 orc wizards
  A troll simulacrum (IceCv)
  A hound skeleton (D:5)
  Robin (D:4)
  13 gnolls
  A howler monkey skeleton (D:7)
  8 adders
  A naga simulacrum (IceCv)
  A river rat (D:3)
  A shadow imp (D:4)
  A white imp (IceCv)
  2 ufetubi
  A dart slug (D:2)
  23 orcs
  7 ball pythons
  14 bats
  10 endoplasms
  5 giant cockroaches (D:3)
  10 goblins (D:4)
  12 hobgoblins
  8 jackals (D:3)
  2 quokkas
  5 kobolds
  6 rats
235 creatures vanquished.

Vanquished Creatures (collateral kills)
  A black mamba (Lair:1)
  2 wolves (Lair:1)
  A cane toad simulacrum (IceCv)
  An orc priest (D:10)
  2 orcs (D:10)
7 creatures vanquished.

Vanquished Creatures (others)
  An orc (D:10)
1 creature vanquished.

Grand Total: 243 creatures vanquished

Notes
Turn   | Place    | Note
-------+----------+-------------------------------------------
     0 | D:1      | MacCMillion the Troll Monk began the quest for the Orb.
     0 | D:1      | Reached XP level 1. HP: 22/22 MP: 0/0
   178 | D:1      | Reached XP level 2. HP: 27/29 MP: 1/1
   965 | D:2      | Reached XP level 3. HP: 28/36 MP: 2/2
  1113 | D:2      | Reached skill level 4 in Unarmed Combat
  1117 | D:2      | Reached XP level 4. HP: 32/44 MP: 3/3
  1665 | D:3      | Identified a scroll of acquirement
  1708 | D:3      | Found a glowing drain.
  1733 | Sewer    | Entered a sewer
  1792 | Sewer    | Noticed Pargi
  1810 | Sewer    | Killed Pargi
  1811 | Sewer    | Reached skill level 5 in Unarmed Combat
  1811 | Sewer    | Reached XP level 5. HP: 22/53 MP: 4/4
  1850 | Sewer    | Identified the ring of Opsyes {Contam rC++ rN+++ rCorr
                  | Str-5}
  2490 | D:4      | Noticed an ogre
  2495 | D:4      | Killed an ogre
  2496 | D:4      | Reached XP level 6. HP: 62/62 MP: 5/5
  2692 | D:4      | Reached skill level 1 in Evocations
  2845 | D:4      | Noticed Robin
  2873 | D:4      | Killed Robin
  2877 | D:4      | Reached skill level 6 in Unarmed Combat
  2920 | D:4      | Reached XP level 7. HP: 63/68 MP: 6/6
  3387 | D:5      | Entered Level 5 of the Dungeon
  3558 | D:5      | Found an ornate altar of the Wu Jian Council.
  3603 | D:5      | Reached skill level 7 in Unarmed Combat
  3923 | D:5      | Reached XP level 8. HP: 79/79 MP: 7/7
  4080 | D:5      | You fall into a shaft and drop 2 floors!
  4085 | D:7      | Acquired a +1 hat
  4099 | D:7      | Noticed a hornet
  4114 | D:7      | Killed a hornet
  4115 | D:7      | Reached skill level 8 in Unarmed Combat
  4146 | D:7      | Reached skill level 5 in Fighting
  4285 | D:7      | Found a staircase to the Ecumenical Temple.
  4294 | Temple   | Entered the Ecumenical Temple
  4642 | Temple   | Became a worshipper of Makhleb the Destroyer
  4642 | Temple   | Reached * piety under Makhleb
  4642 | Temple   | Reached ** piety under Makhleb
  4846 | D:6      | Reached skill level 1 in Invocations
  4958 | D:6      | Reached skill level 1 in Armour
  5024 | D:6      | Noticed Maggie
  5053 | D:6      | Killed Maggie
  5054 | D:6      | Reached XP level 9. HP: 37/88 MP: 8/10
  5229 | D:6      | Noticed Pikel
  5247 | D:6      | Killed Pikel
  5248 | D:6      | Reached skill level 9 in Unarmed Combat
  5272 | D:6      | Found a radiant altar of Vehumet.
  5470 | D:6      | Found Upuenn's Antique Armour Boutique.
  5621 | D:6      | Found a runed translucent door.
  5622 | D:6      | Noticed Crazy Yiuf
  5840 | D:7      | Found an opulent altar of Gozag.
  5864 | D:7      | Reached skill level 5 in Invocations
  6217 | D:8      | Noticed Psyche
  6225 | D:8      | Killed Psyche
  6615 | D:8      | Noticed a kobold demonologist
  6621 | D:8      | Noticed a kobold demonologist
  6621 | D:8      | Noticed a kobold demonologist
  6622 | D:8      | Noticed a red devil
  6633 | D:8      | Killed a kobold demonologist
  6634 | D:8      | Reached skill level 10 in Unarmed Combat
  6634 | D:8      | Reached XP level 10. HP: 87/96 MP: 13/13
  6646 | D:8      | Noticed a rust devil
  6863 | D:8      | Noticed Harold
  6868 | D:8      | Killed Harold
  6868 | D:8      | Reached *** piety under Makhleb
  6947 | D:8      | Noticed Maurice
  6955 | D:8      | Killed Maurice
  6976 | D:8      | Found a glowing golden altar of the Shining One.
  7261 | D:8      | Found a sparkling altar of Nemelex Xobeh.
  7303 | D:9      | Noticed Erolcha
  7376 | D:9      | Found a shadowy altar of Dithmenos.
  7378 | D:9      | Found a white marble altar of Elyvilon.
  7445 | D:9      | Reached skill level 5 in Evocations
  7700 | D:9      | Found Xovegiel's Antique Weapon Boutique.
  7906 | D:10     | Entered Level 10 of the Dungeon
  7916 | D:9      | Reached skill level 11 in Unarmed Combat
  8134 | D:10     | Noticed a gargoyle
  8139 | D:10     | Killed a gargoyle
  8161 | D:10     | Noticed a two-headed ogre
  8347 | D:10     | Killed a two-headed ogre
  8348 | D:10     | Reached XP level 11. HP: 46/102 MP: 15/15
  8531 | D:10     | Found a blossoming altar of Fedhas.
  8612 | D:10     | Found a staircase to the Lair.
  8655 | D:10     | Noticed Josephine
  8709 | D:10     | Killed Josephine
  8848 | D:10     | Noticed Nergalle
  8871 | D:10     | Noticed a spectral orc warlord
  9079 | Lair:1   | Entered Level 1 of the Lair of Beasts
  9182 | Lair:1   | Reached **** piety under Makhleb
  9412 | Lair:1   | Found a frozen archway.
  9430 | IceCv    | Entered an ice cave
  9473 | IceCv    | Mangled by a two-headed ogre simulacrum

Illustrated notes

Levels and vault maps discovered:
D:1:      lemuel_arrival_muddy, layout_basic
D:2:      layout_basic
D:3:      minmay_chambers_of_threes, layout_basic, portal_sewer_entry_b
D:4:      layout_loops_ring, minmay_misc_feat_alley, hangedman_decor_opposing,
          uniq_robin
D:5:      layout_basic, nicolae_wu_jian_wuxing_cycle
D:6:      layout_cave_pools, vehumet_crystals, serial_shops,
          nicolae_stop_n_shop_1, uniq_pikel, uniq_maggie,
          uniq_crazy_yiuf_cottage
D:7:      layout_basic, nicolae_overflow_crystal_walls,
          minmay_temple_entry_overgrown
D:8:      layout_gridville, nemelex_diamond_rough_becter,
          mainiacjoe_overflow_tiny_flanked, uniq_psyche, uniq_maurice,
          uniq_harold
D:9:      layout_roguey, nicolae_sif_muna_little_library,
          mainiacjoe_overflow_catwalk_spiral, serial_shops,
          nicolae_diamond_shop, interstate_on_off, uniq_erolcha
D:10:     layout_rooms, yredelemnul_forgotten_temple_becter,
          fedhas_ov_isle_minmay, uniq_nergalle, uniq_josephine
Temple:   minmay_temple_forest_path
Lair:1:   layout_roguey, portal_ice_cave_entry_ice_simulacra, grunt_megastairs_1
IceCv:    ice_cave_small_demon

Skill      XL: |  1  2  3  4  5  6  7  8  9 10 11 |
---------------+----------------------------------+-----
Unarmed Combat | 4 5 6 7 8 10 11 | 11.9
Fighting       | 3 4 5 |  5.4
Dodging        | 3 4 |  4.6
Evocations     | 1 2 3 4 5 |  5.0
Invocations    | 3 5 7 8 |  8.6
Armour         | 1 3 4 |  4.6
Stealth        | |  1.0

Action                   |  1- 3 |  4- 6 |  7- 9 | 10-12 || total
-------------------------+-------+-------+-------+-------++-------
Melee: Unarmed           |    50 |   172 |   255 |   254 ||   731
       Punch             |     1 |     3 |     5 |    13 ||    22
Throw: Throwing net      |       |       |     1 |       ||     1
       Boomerang         |       |       |     2 |       ||     2
Invok: Minor Destruction |       |       |     7 |    36 ||    43
       Lesser Servant of |       |       |       |     4 ||     4
Evoke: Wand              |       |     2 |     4 |       ||     6
  Use: Scroll            |       |     2 |     6 |     7 ||    15
       Potion            |       |       |     1 |     1 ||     2
 Stab: Sleeping          |     2 |     2 |     3 |     1 ||     8
       Paralysed         |       |       |     5 |       ||     5
Armor: Robe              |    14 |    62 |       |       ||    76
       Troll leather arm |       |    29 |    87 |   107 ||   223
Dodge: Dodged            |    38 |   121 |   119 |   171 ||   449
